 Dungeon Crawl Stone Soup version 0.29-a0-378-gc08b2e8bf8 (webtiles) character file.

Game seed: 3487429358339585578

25 asterach the Skirmisher (level 3, -3/20 HPs)
             Began as a Vine Stalker Fighter on May 4, 2022.
             Slain by a worm (6 damage)
             ... on level 2 of the Dungeon.
             The game lasted 00:01:50 (1225 turns).

asterach the Skirmisher (Vine Stalker Fighter)      Turns: 1225, Time: 00:01:51

Health: -3/20      AC:  6    Str: 20    XL:     3   Next: 4%
Magic:  0/4        EV:  9    Int:  8    God:
Gold:   70         SH:  4    Dex: 13    Spells: 2/2 levels left

rFire   . . .      SeeInvis .   a - +0 long sword
rCold   . . .      Faith    .   c - +0 buckler
rNeg    . . .      Spirit   +   b - +0 scale mail
rPois   .          Reflect  .   (no helmet)
rElec   .          Harm     .   (no cloak)
rCorr   .          Rampage  .   (no gloves)
Will    .....                   (no boots)
Stlth   ..........              (no amulet)
HPRegen 0.06/turn               (no ring)
MPRegen 0.09/turn               (no ring)

@: no status effects
A: fangs 2, magic shield, antimagic bite, no potion heal 2
a: no special abilities


You were on level 2 of the Dungeon.
You visited 1 branch of the dungeon, and saw 2 of its levels.

You collected 70 gold pieces.

Inventory:

Hand Weapons
 a - a +0 long sword (weapon)
Armour
 b - a +0 scale mail (worn)
 c - a +0 buckler (worn)
Scrolls
 g - 2 scrolls of teleportation {unknown}
 h - a scroll of summoning {unknown}
 i - a scroll of amnesia {unknown}
 j - a scroll of poison {unknown}
Potions
 d - a potion of might
 e - a potion of brilliance {unknown}
 f - 2 potions of flight {unknown}
 k - 4 potions of curing {unknown}
 l - a potion of cancellation {unknown}
 m - a potion of resistance {unknown}


   Skills:
 + Level 3.0 Fighting
 + Level 2.3 Long Blades
 + Level 2.7 Armour
 + Level 2.8 Shields


You had 2 spell levels left.
You didn't know any spells.
Your spell library contained the following spells:

 Spells                   Type           Power      Damage    Failure   Level
 Magic Dart               Conj           0%         1d3       86%         1
 Call Imp                 Summ           0%         N/A       94%         2
 Corpse Rot               Necr/Air       0%         N/A       94%         2
 Poisonous Vapours        Pois/Air       0%         N/A       94%         2
 Mephitic Cloud           Conj/Pois/Air  0%         N/A       99%         3


Dungeon Overview and Level Annotations

Branches:
Dungeon (2/15)

Altars:

Shops:
D:2 (


Innate Abilities, Weirdness & Mutations

You have extremely sharp teeth.
When hurt, damage is shared between your health and your magic reserves.
Your bite disrupts and absorbs the magic of your enemies.
Potions cannot restore your health.


Message History

Your experience leads to an increase in your attributes!
Increase (S)trength, (I)ntelligence, or (D)exterity?
Uppercase letters only, please.
You feel stronger. x2
g - 2 scrolls labelled RATECLINNISM (gained 1)
k - 4 inky potions (gained 2)
Found a faded altar of an unknown god.
A bat comes into view.
The bat moves out of view.
You block the bat's attack.
You barely miss the bat. The bat closely misses you.
You block the bat's attack.
You hit the bat. Your bite misses the bat.
The bat is heavily wounded.
The bat closely misses you. The bat completely misses you.
The bat hits you but does no damage.
You closely miss the bat. Your bite misses the bat.
The bat is heavily wounded.
The bat hits you but does no damage.
You barely miss the bat. You bite the bat.
You kill the bat!
No target in view!
A worm comes into view.
The worm bites you!
You barely miss the worm. The worm bites you.
You are too injured to fight recklessly!
You are too injured to fight recklessly!
You are too injured to fight recklessly!
You hit the worm. Your bite misses the worm.
The worm is moderately wounded.
You barely miss the worm. You bite the worm, but do no damage.
The worm is moderately wounded.
The worm bites you!
* * * LOW HITPOINT WARNING * * *
You slash the worm! You bite the worm. You drain its power.
You feel invigorated.
The worm is severely wounded.
The worm bites you!
You die...

#.# #..#.......# #.#
#####.# #.>###.###.#
#.# ......# #.#...##
#.# #.###### .######
#.##### #.# #.......
.# ###.##
#.###...#### .# ....#
#.##.###.## ## #..#
#.#.## ##.# #
#..#######...## #.# #
#...@w...##...####.#
....<#
##.#####.#<....##.###
###### #.#
.#........... #.#
.#.....###### #.#
.##...## ####.#
.###.## ##....#####.#
#.# ##..##.......#
#.# #..........).#
#.#


You could see a worm.

Vanquished Creatures
  A worm (D:2)
  2 dart slugs (D:2)
  A bat (D:2)
  A giant cockroach (D:2)
  2 goblins
  2 hobgoblins
  2 quokkas
  3 ball pythons
  3 rats
17 creatures vanquished.

Notes
Turn   | Place    | Note
-------+----------+-------------------------------------------
     0 | D:1      | asterach the Vine Stalker Fighter began the quest for the
                  | Orb.
     0 | D:1      | Reached XP level 1. HP: 11/11 MP: 2/2
   329 | D:1      | Reached XP level 2. HP: 14/16 MP: 1/3
   692 | D:2      | Found Tyopobi's Antique Weapon Boutique.
   904 | D:2      | Reached skill level 3 in Fighting
  1130 | D:2      | Reached XP level 3. HP: 16/20 MP: 4/4
  1199 | D:2      | Found a faded altar of an unknown god.
  1225 | D:2      | Slain by a worm

Illustrated notes

Levels and vault maps discovered:
D:1:      dpeg_arrival_short_road, layout_rooms, minivault_11, minivault_19
D:2:      layout_loops_ring, ebering_ecumenical_altar_box, serial_shops, shop,
          kennysheep_flooded_box

Skill      XL: |  1  2 |
---------------+-------+-----
Long Blades    | 2 |  2.3
Fighting       | 3 |  3.0
Armour         | |  2.7
Shields        | |  2.8

Action                   || total
-------------------------++-------
Melee: Long sword        ||    51
       Bite              ||    12
Armor: Scale mail        ||    12
Dodge: Dodged            ||    25
Block: Buckler           ||     6

Table legend: (Time is in decaauts)
 A = Elapsed time spent in this place.
 B = Non-inter-level travel time spent in this place.
 C = Inter-level travel time spent in this place.
 D = Time resting spent in this place.
 E = Time spent auto-exploring this place.
 F = Levels seen in this place.
 G = Mean time per level.
                   A        B        C        D        E       F      G
               +--------+--------+--------+--------+--------+-----+--------+
         Total |   1242 |   1235 |      7 |      0 |   1083 |   2 |  621.0 |
       Dungeon |   1242 |   1235 |      7 |      0 |   1083 |   2 |  621.0 |
               +--------+--------+--------+--------+--------+-----+--------+

Top non-repeatable levels by time:
     D:2: 813 daAuts
     D:1: 428 daAuts
